 Dungeon Crawl Stone Soup version 0.27.1-33-g824d729ab1 (webtiles) character file.

Game seed: 10284871789613673194

53 pkoi the Ruffian (level 3, -1/26 (29) HPs)
             Began as a Draconian Warper on Dec 1, 2021.
             Killed from afar by Natasha (7 damage)
             ... with a magic dart
             ... on level 2 of the Dungeon.
             The game lasted 00:02:29 (1959 turns).

pkoi the Ruffian (Draconian Warper)                 Turns: 1959, Time: 00:02:29

HP:   -1/26 (29)    AC:  5    Str: 13    XL:     3   Next: 64%
MP:   6/6           EV: 12    Int: 14    God:
Gold: 68            SH:  0    Dex: 10    Spells: 4/6 levels left

rFire    . . .     SeeInvis .     - Unarmed
rCold    . . .     Faith    .   (no shield)
rNeg     . . .     Spirit   .   (armour unavailable)
rPois    .         Reflect  .   (helmet restricted)
rElec    .         Harm     .   (no cloak)
rCorr    .         Rampage  .   (no gloves)
Will     .....                  (no boots)
Stlth    +.........             (no amulet)
HPRegen  0.08/turn              (no ring)
MPRegen  0.10/turn              (no ring)

@: heavily drained
A: AC +5, unfitting armour, cold-blooded
a: no special abilities


You were on level 2 of the Dungeon.
You visited 1 branch of the dungeon, and saw 2 of its levels.

You collected 68 gold pieces.

Inventory:

Missiles
 b - 5 boomerangs of dispersal (quivered)
Scrolls
 a - a scroll of blinking
 c - a scroll of enchant armour {unknown}
 d - a scroll of identify {unknown}
 e - a scroll of fear {unknown}
Potions
 f - 2 potions of heal wounds {unknown}
 g - a potion of might {unknown}
 h - a potion of curing {unknown}


   Skills:
 - Level 2.1 Fighting
 - Level 0.8 Throwing
 - Level 2.1 Dodging
 * Level 3.7 Unarmed Combat
 - Level 2.0 Spellcasting
 + Level 3.4 Translocations


You had 4 spell levels left.
You knew the following spells:

 Your Spells              Type           Power      Damage    Failure   Level
a - Blink                 Tloc           N/A        N/A       9%          2

Your spell library contained the following spells:

 Spells                   Type           Power      Damage    Failure   Level
 Gell's Gravitas          Tloc           5%         N/A       17%         3
 Lesser Beckoning         Tloc           5%         N/A       17%         3
 Teleport Other           Tloc           10%        N/A       17%         3
 Manifold Assault         Tloc           10%        N/A       85%         5


Dungeon Overview and Level Annotations

Branches:
Dungeon (2/15)

Altars:

Shops:
D:1 =

Annotations:
D:2 Natasha


Innate Abilities, Weirdness & Mutations

Your plain brown scales are hard. (AC +5)
You cannot fit into any form of body armour.
You are cold-blooded and may be slowed by cold attacks.


Message History

Natasha stares at you and mumbles some strange words.
The magic dart hits you. Natasha claws you but does no damage.
You hit Natasha.
Natasha is moderately wounded.
Natasha closely misses you.
You closely miss Natasha.
Natasha is moderately wounded.
You closely miss Natasha.
Natasha is moderately wounded.
Natasha closely misses you.
You closely miss Natasha.
Natasha is moderately wounded.
Natasha claws you but does no damage.
You hit Natasha but do no damage.
Natasha is moderately wounded.
Natasha claws you.
You hit Natasha but do no damage.
Natasha is moderately wounded.
Natasha barely misses you.
You hit Natasha but do no damage.
Natasha is moderately wounded.
Natasha claws you but does no damage.
You barely miss Natasha.
Natasha is moderately wounded.
Natasha barely misses you.
You hit Natasha but do no damage.
Your tail-slap misses Natasha.
Natasha is moderately wounded.
Natasha casts a spell at you. The magic dart hits you!
* * * LOW HITPOINT WARNING * * *
You punch Natasha!
Natasha is severely wounded.
Natasha claws you.
* * * LOW HITPOINT WARNING * * *
You barely miss Natasha.
Natasha is severely wounded.
Natasha stares at you and mumbles some strange words.
The magic dart hits you!
You die...

##### #.
#).h##
#.#
#.###@##
#.#.
##.# #..
#.#
#.#.#
##.# #.
#.###.##
# #...##
##.##
#.# #<#


You could see Natasha.

Vanquished Creatures
  Robin (D:2)
  2 bats (D:1)
  2 endoplasms (D:2)
  11 goblins (D:1)
  7 hobgoblins (D:1)
  2 jackals (D:1)
  A quokka (D:1)
  3 ball pythons (D:1)
  2 frilled lizards (D:1)
  4 kobolds
  4 rats (D:1)
39 creatures vanquished.

Notes
Turn   | Place    | Note
-------+----------+-------------------------------------------
     0 | D:1      | pkoi the Draconian Warper began the quest for the Orb.
     0 | D:1      | Reached XP level 1. HP: 17/17 MP: 3/3
   133 | D:1      | Reached XP level 2. HP: 5/24 MP: 5/5
   435 | D:1      | Learned a level 2 spell: Blink
   699 | D:1      | Found Feux Jih's Jewellery Shop.
  1016 | D:2      | Noticed Natasha
  1125 | D:2      | Noticed Robin
  1145 | D:1      | Reached XP level 3. HP: 22/29 MP: 6/6
  1693 | D:2      | Killed Robin
  1959 | D:2      | Killed from afar by Natasha

Illustrated notes

Levels and vault maps discovered:
D:1:      saegor_arrival_miasma, layout_loops_ring, serial_shops,
          nicolae_shop_temple_entry_statues_fountains, st_stairs_9
D:2:      layout_loops_ring, minmay_goblin_kobold_house, uniq_robin,
          uniq_natasha

Skill      XL: |  1  2 |
---------------+-------+-----
Unarmed Combat | 3 |  3.7
Fighting       | |  2.1
Throwing       | |  0.8
Dodging        | |  2.1
Spellcasting   | |  2.0
Translocations | |  3.4

Action                   || total
-------------------------++-------
Melee: Unarmed           ||   138
       Tailslap          ||    11
       Punch             ||     2
Armor: Skin              ||    32
Dodge: Dodged            ||    87
